 Dungeon Crawl Stone Soup version 0.30-a0-940-ge5077277c9 (webtiles) character file.

Game seed: 18179526864837748552

14 Morbidden the Sneak (level 2, 20/22 HPs)
             Began as a Demonspawn Brigand on Mar 26, 2023.
             Quit the game on level 1 of the Dungeon.
             The game lasted 00:00:32 (295 turns).

Morbidden the Sneak (Demonspawn Brigand)             Turns: 295, Time: 00:00:32

Health: 20/22      AC:  5    Str: 11    XL:     2   Next: 31%
Magic:  2/2        EV: 12    Int: 12    God:
Gold:   32         SH:  0    Dex: 14    Spells: 1/1 levels left

rFire   . . .      SeeInvis .    a - +2 dagger
rCold   . . .      Faith    .    (no shield)
rNeg    . . .      Spirit   .    b - +0 robe
rPois   .          Reflect  .    (no helmet)
rElec   .          Rampage  +    c - +0 cloak
rCorr   .                        (no gloves)
Will    .....                    j - +1 pair of boots {rampage}
Stlth   ++                       (no amulet)
HPRegen 0.23/turn                (no ring)
MPRegen 0.08/turn                (no ring)

@: no status effects
A: foul stench 1
a: no special abilities


You were on level 1 of the Dungeon.
You visited 1 branch of the dungeon, and saw 1 of its levels.

You collected 32 gold pieces.

Inventory:

Hand Weapons
 a - a +2 dagger (weapon)
Missiles
 d - 9 poisoned darts (quivered)
 e - 3 curare-tipped darts
Armour
 b - a +0 robe (worn)
 c - a +0 cloak (worn)
 j - a +1 pair of boots of rampaging (worn)
Scrolls
 f - a scroll of identify {unknown}
 g - 2 scrolls of fog {unknown}
 h - a scroll of summoning {unknown}
Potions
 i - a potion of berserk rage {unknown}


   Skills:
 * Level 2.0 Fighting
 * Level 1.8(2.0) Short Blades
 * Level 0.6(1.3) Long Blades
 + Level 1.8 Throwing
 * Level 1.2 Dodging
 + Level 3.8 Stealth
 * Level 0.2 Spellcasting


You had one spell level left.
You didn't know any spells.
Your spell library was empty.

Dungeon Overview and Level Annotations

Branches:
Dungeon (1/15)

Altars:


Innate Abilities, Weirdness & Mutations

You may rarely emit foul miasma when damaged in melee.


Message History

The quokka bites you.
Unknown command.
A quokka is nearby!
You barely miss the quokka.
The quokka is heavily wounded.
The quokka barely misses you.
Unknown command.
A quokka is nearby!
You barely miss the quokka.
The quokka is heavily wounded.
The quokka barely misses you.
Unknown command.
A quokka is nearby!
You closely miss the quokka.
The quokka is heavily wounded.
The quokka barely misses you.
Unknown command.
A quokka is nearby!
You closely miss the quokka.
The quokka is heavily wounded.
The quokka misses you.
Unknown command.
A quokka is nearby!
You hit the quokka.
You kill the quokka!
Unknown command.
Key pressed, stopping explore.
No target in view!
Unknown command.
No target in view!
Unknown command.
No target in view!
Unknown command.
No target in view!
Unknown command.
No target in view!
Unknown command.
No target in view!
Unknown command.
Are you sure you want to abandon this character and quit the game? (Confirm with "yes".)

#######
......$##
#@##
##.#####
#.....#
♣.P♣#.#
#.##♣♣.....#
#..P.♣P...#
##.P†♣P♣#.#
#.♣.♣♣♣#.#
#...# #.#


There were no monsters in sight!

Vanquished Creatures
  2 ball pythons (D:1)
  A giant cockroach (D:1)
  3 hobgoblins (D:1)
  2 jackals (D:1)
  A quokka (D:1)
  2 bats (D:1)
  A rat (D:1)
12 creatures vanquished.

Notes
Turn   | Place    | Note
-------+----------+-------------------------------------------
     0 | D:1      | Morbidden the Demonspawn Brigand began the quest for the
                  | Orb.
     0 | D:1      | Reached XP level 1. HP: 16/16 MP: 1/1
    78 | D:1      | Reached skill level 1 in Dodging
   204 | D:1      | Gained mutation: You may rarely emit foul miasma when
                  | damaged in melee. [demonic ancestry]
   204 | D:1      | Reached XP level 2. HP: 22/22 MP: 2/2
   295 | D:1      | Quit the game

Illustrated notes

Levels and vault maps discovered:
D:1:      amcnicky_arrival_gap_in_the_tavern_cellar, layout_loops_ring,
          serial_forest, infiniplex_forest_diagonal,
          infiniplex_forest_clump_small, infiniplex_forest_straight_1,
          infiniplex_forest_corner_1, infiniplex_forest_straight_4,
          infiniplex_forest_straight_5, infiniplex_forest_end_1,
          infiniplex_forest_clump_large

Skill      XL: |  1 |
---------------+----+-----
Dodging        | 1 |  1.2
Fighting       | |  2.0
Short Blades   | |  1.8
Long Blades    | |  0.6
Throwing       | |  1.8
Stealth        | |  3.8
Spellcasting   | |  0.2

Action                     || total
---------------------------++-------
  Melee: Dagger            ||    57
   Stab: Sleeping          ||     1
 Armour: Robe              ||    11
  Dodge: Dodged            ||    42

Table legend: (Time is in decaauts)
 A = Elapsed time spent in this place.
 B = Non-inter-level travel time spent in this place.
 C = Inter-level travel time spent in this place.
 D = Time resting spent in this place.
 E = Time spent auto-exploring this place.
 F = Levels seen in this place.
 G = Mean time per level.
                   A        B        C        D        E       F      G
               +--------+--------+--------+--------+--------+-----+--------+
         Total |    290 |    290 |      0 |      0 |    183 |   1 |  290.0 |
       Dungeon |    290 |    290 |      0 |      0 |    183 |   1 |  290.0 |
               +--------+--------+--------+--------+--------+-----+--------+

Top non-repeatable levels by time:
     D:1: 290 daAuts
